 Dungeon Crawl Stone Soup version 0.21.1-1-g345015f (webtiles) character file.

116 snakesoul the Chopper (level 4, -5/35 HPs)
             Began as a Demonspawn Fighter on June 24, 2018.
             Slain by Crazy Yiuf
             ... wielding a +4 quarterstaff of chaos
              (16 damage)
             ... on level 2 of the Dungeon.
             The game lasted 00:03:11 (1825 turns).

snakesoul the Chopper (Demonspawn Fighter)          Turns: 1825, Time: 00:03:12

Health: -5/35      AC:  7    Str: 18    XL:     4   Next: 70%
Magic:  0/4        EV: 12    Int:  9    God:
Gold:   130        SH:  0    Dex: 12    Spells: 3/3 levels left

rFire    . . .     SeeInvis .   a - +0 war axe
rCold    . . .     Gourm    +   (no shield)
rNeg     . . .     Faith    .   b - +0 scale mail
rPois    .         Spirit   +   (no helmet)
rElec    .         Reflect  .   (no cloak)
rCorr    .         Harm     .   p - +0 pair of gloves (curse)
MR       .....                  (no boots)
Stlth    ..........             q - amulet of the gourmand (curse)
HPRegen  0.11/turn              i - +3 ring of evasion
MPRegen  0.09/turn              (no ring)

@: drained
A: spiny 1, magic shield
a: no special abilities


You were on level 2 of the Dungeon.
You were completely stuffed.

You visited 1 branch of the dungeon, and saw 2 of its levels.

You collected 130 gold pieces.

Inventory:

Hand Weapons
 a - a +0 war axe (weapon)
Armour
 b - a +0 scale mail (worn)
 c - a +0 shield
 p - a cursed +0 pair of gloves (worn)
Jewellery
 i - a +3 ring of evasion (left hand)
 q - a cursed amulet of the gourmand (around neck)
Scrolls
 e - a scroll of enchant armour {unknown}
 h - a scroll of teleportation {unknown}
 j - 2 scrolls of fear {unknown}
 k - a scroll of identify {unknown}
 m - a scroll of fog {unknown}
 n - 2 scrolls of remove curse {unknown}
Potions
 d - a potion of might
 g - a potion of lignification {unknown}
 l - a potion of flight {unknown}
Comestibles
 f - 3 rations
 o - a chunk of flesh


   Skills:
 - Level 3.0(2.7) Fighting
 * Level 4.5(4.3) Axes
 - Level 2.6(2.4) Armour
 - Level 2.6(2.4) Shields


You had 3 spell levels left.
You didn't know any spells.

Dungeon Overview and Level Annotations

Branches:
Dungeon (2/15)

Altars:

Annotations:
D:2 Crazy Yiuf


Innate Abilities, Weirdness & Mutations

You are partially covered in sharp spines.
When hurt, damage is shared between your health and your magic reserves.


Message History

Crazy Yiuf is heavily wounded.
Crazy Yiuf hits you with a quarterstaff of chaos!
Crazy Yiuf burns you.
You closely miss Crazy Yiuf.
Crazy Yiuf is heavily wounded.
Crazy Yiuf is struck by your spines. Crazy Yiuf closely misses you.
You barely miss Crazy Yiuf.
Crazy Yiuf is heavily wounded.
Crazy Yiuf barely misses you.
You barely miss Crazy Yiuf.
Crazy Yiuf is heavily wounded.
Crazy Yiuf hits you but does no damage.
You feel drained.
You closely miss Crazy Yiuf.
Crazy Yiuf is heavily wounded.
Crazy Yiuf hits you with a quarterstaff of chaos.
Your scale mail prevents you from hitting Crazy Yiuf.
Crazy Yiuf is heavily wounded.
Crazy Yiuf hits you with a quarterstaff of chaos.
You are electrocuted!
You die...

#..........##.#
#.#.........#.#
#.#.###########
#.#.# #.#.#
##### #.#.#
#..)# ### #.#.#
#...# ..# #.#.#
#.g.#
#.#####.#.##
#@#
.#.........#
♣♣.♣
#.####.....#
♣.♣♣
#......#####
♣♣.♣ ########
♣.♣♣ ♣♣.♣♣
♣.PP♣♣ ♣.P♣P♣
#....#


You could see Crazy Yiuf.

Vanquished Creatures
  Natasha (D:2)
  5 adders (D:2)
  2 worms (D:2)
  A dart slug (D:1)
  A leopard gecko (D:1)
  6 bats (D:2)
  5 goblins
  4 hobgoblins
  6 kobolds
  A ball python (D:1)
  5 frilled lizards
  7 rats
  A fungus (D:2)
45 creatures vanquished.

Notes
Turn   | Place    | Note
-------+----------+-------------------------------------------
     0 | D:1      | snakesoul the Demonspawn Fighter began the quest for the Orb.
     0 | D:1      | Reached XP level 1. HP: 18/18 MP: 1/1
    55 | D:1      | Reached skill level 2 in Axes
   154 | D:1      | Gained mutation: You are partially covered in sharp spines. [demonic ancestry]
   154 | D:1      | Reached XP level 2. HP: 20/24 MP: 2/2
   644 | D:2      | Reached skill level 3 in Axes
   644 | D:2      | Gained mutation: When hurt, damage is shared between your health and your magic reserves. [demonic ancestry]
   644 | D:2      | Reached XP level 3. HP: 25/29 MP: 3/3
  1410 | D:2      | Noticed Natasha
  1416 | D:2      | Killed Natasha
  1416 | D:2      | Reached skill level 4 in Axes
  1416 | D:2      | Reached XP level 4. HP: 23/35 MP: 2/4
  1813 | D:2      | Found a runed door.
  1817 | D:2      | Noticed Crazy Yiuf
  1825 | D:2      | Slain by Crazy Yiuf

Skill      XL: |  1  2  3 |
---------------+----------+-----
Axes           | 2 3 4 |  4.5
Fighting       | |  3.0
Armour         | |  2.6
Shields        | |  2.6

Action                   |  1- 3 |  4- 6 || total
-------------------------+-------+-------++-------
Melee: War axe           |    80 |    34 ||   114
  Eat: Chunk             |     2 |    11 ||    13
Armor: Scale mail        |    36 |    13 ||    49
Dodge: Dodged            |    48 |    16 ||    64
